Match 42745568
Unlisted

Match 42745568
End
Construct Infanterie Kompanie
Grenadier Squad
MG 42 Machine Gun Team
Grenadier Squad
Construct Panzergrenadier Kompanie
Medical Bunker
Panzergrenadier Squad
Infanterie Officer Quarters
Pak 40 Anti-tank Gun Team
Panzergrenadier Officer Quarters
Construct Panzer Kompanie
Stoßtruppen Squad
Panzer Officer Quarters
Selects Mechanized Battlegroup
Selects Raid Package
Selects 8 Rad Armored Car
Selects UNKNOWN (2160084)
Selects Spotting Scopes
Sturmpanzer IV Brummbär
Side Skirts
Medic#2
ttheadventure
woof_raff
Friendly Mouse(Poxie)
0
0

Comments sign in to comment!

No comments posted yet!